 Dungeon Crawl Stone Soup version 0.18.1-48-g4cf74bf (webtiles) character file.

43 Raptoricus the Vexing (level 3, -28/24 HPs)
             Began as a Vampire Enchanter on Aug 24, 2016.
             Killed from afar by a gnoll (41 damage)
             ... with an exploding inner flame
             ... hexed by the player character
             ... on level 1 of the Dungeon.
             The game lasted 00:08:29 (1834 turns).

Raptoricus the Vexing (Vampire Enchanter)           Turns: 1834, Time: 00:08:30

Health: -28/24     AC:  3    Str:  7    XL:     3   Next: 37%
Magic:  6/6        EV: 18    Int: 17    God:
Gold:   41         SH:  0    Dex: 20    Spells: 3 memorised, 0 levels left

rFire  . . .     SeeInvis +     a - +1 dagger
rCold  . . .     Gourm    .     b - +1 robe
rNeg   . . .     Faith    .     (no shield)
rPois  .         Spirit   .     (no helmet)
rElec  .         Dismiss  .     (no cloak)
rCorr  .         Reflect  .     (no gloves)
SustAt .         Harm     .     (no boots)
MR     .....                    (no amulet)
Stlth  ++........               (no ring)
                                (no ring)

@: confused, agile, regenerating quickly, not resistant to hostile enchantments,
unstealthy
A: fangs 3, see invisible, unbreathing
a: no special abilities


You were on level 1 of the Dungeon.
You were full.

You visited 1 branch of the dungeon, and saw 2 of its levels.

You collected 41 gold pieces.

Inventory:

Hand Weapons
 a - a +1 dagger (weapon)
Armour
 b - a +1 robe (worn)
 e - a +0 leather armour
 h - a cursed +0 robe
Scrolls
 m - a scroll of remove curse
Potions
 d - a potion of blood
 g - a potion of heal wounds {unknown}
 i - 2 potions of ambrosia
 j - a potion of invisibility {unknown}
 k - a potion of berserk rage {unknown}
Books
 c - a book of Maledictions

   Spells                             Type                      Level
   a - Corona                         Hexes                        1
   b - Ensorcelled Hibernation        Hexes/Ice                    2
   c - Confuse                        Hexes                        3
   d - Tukima's Dance                 Hexes                        3
   e - Dazzling Spray                 Conjuration/Hexes            3


   Skills:
 - Level 1.1 Short Blades
 - Level 2.1 Dodging
 + Level 4.7 Stealth
 + Level 2.2 Spellcasting
 + Level 5.8 Hexes
 + Level 0.6 Ice Magic


You couldn't memorise any spells.
You knew the following spells:

 Your Spells              Type           Power        Failure   Level  Hunger
a - Corona                Hex            ###....      1%          1    #......
b - Ensorcelled Hibernat  Hex/Ice        ##....       10%         2    ###....
c - Confuse               Hex            ###.....     8%          3    ###....


Dungeon Overview and Level Annotations

Branches:
Dungeon (2/15)

Altars:
Vehumet


Innate Abilities, Weirdness & Mutations

Your natural rate of healing is unusually fast.
You have razor-sharp teeth.
You have supernaturally acute eyesight.
You can survive without breathing.


Message History

You don't have any such object.
Drink which item? (? for menu, Esc to quit)
You don't have any such object.
Drink which item? (? for menu, Esc to quit)
You don't have any such object.
Drink which item? (? for menu, Esc to quit)
You don't have any such object.
Drink which item? (? for menu, Esc to quit)
It was a potion of ambrosia.
You are confused.
You feel invigorated.
Drink which item? (? for menu, Esc to quit)
It was a potion of agility.
You feel agile all of a sudden. The gnoll hits you with a flail.
You hit the gnoll. You bite the gnoll.
The gnoll explodes!
The fiery explosion engulfs you!
Ouch! That really hurt!
You die...

#### ...#
...###############
..............ยงยง@#
......#)....######
#####.#.....#
#####.#.....#
....#)#.....#
....#.#####.#
....#.# #.# ###.#.#
#.# ..#.#.# #.#


There were no monsters in sight!

Vanquished Creatures
  An adder (D:2)
  A dart slug (D:1)
  A giant cockroach (D:1)
  3 goblins (D:1)
  5 hobgoblins
  6 jackals (D:1)
  A quokka (D:2)
  A bat (D:1)
  2 giant newts (D:1)
  4 kobolds (D:1)
  6 rats
31 creatures vanquished.

Notes
Turn   | Place    | Note
--------------------------------------------------------------
     0 | D:1      | Raptoricus the Vampire Enchanter began the quest for the Orb.
     0 | D:1      | Reached XP level 1. HP: 13/13 MP: 3/3
   305 | D:1      | Reached XP level 2. HP: 16/19 MP: 3/5
   311 | D:1      | Learned a level 2 spell: Ensorcelled Hibernation
   314 | D:1      | Reached skill level 5 in Hexes
  1436 | D:1      | Reached XP level 3. HP: 24/24 MP: 1/6
  1454 | D:1      | Learned a level 3 spell: Confuse
  1818 | D:2      | Found a radiant altar of Vehumet.
  1834 | D:1      | Killed from afar by a gnoll

Skill      XL: |  1  2 |
---------------+-------+-----
Hexes          | 5 |  5.8
Short Blades   | |  1.1
Dodging        | |  2.1
Stealth        | |  4.7
Spellcasting   | |  2.2
Ice Magic      | |  0.6

Action                   || total
-------------------------++-------
Melee: Dagger            ||    84
       Bite              ||     7
 Cast: Corona            ||    12
       Ensorcelled Hiber ||    17
       Confuse           ||     2
  Use: Scroll            ||     5
       Potion            ||     2
 Stab: Sleeping          ||    14
  Eat: Corpse            ||     9
Armor: Robe              ||    21
Dodge: Dodged            ||    45
